 Dungeon Crawl Stone Soup version 0.29.1-15-g9cfb28693d (webtiles) character file.

Game seed: 1505946546244958519

339 croobank the Covert (level 6, -11/44 HPs)
             Began as an Octopode Delver on Mar 5, 2023.
             Mangled by a two-headed ogre
             ... wielding a +0 giant spiked club
              (35 damage)
             ... on level 5 of the Dungeon.
             The game lasted 00:06:21 (3445 turns).

croobank the Covert (Octopode Delver)               Turns: 3445, Time: 00:06:21

Health: -11/44     AC:  1    Str: 11    XL:     6   Next: 55%
Magic:  6/6        EV: 14    Int: 15    God:
Gold:   107        SH:  0    Dex: 13    Spells: 5/5 levels left

rFire   . . .      SeeInvis .   h - +0 short sword (venom)
rCold   . . .      Faith    .   (no shield)
rNeg    . . .      Spirit   .   (helmet restricted)
rPois   .          Reflect  .   (no amulet)
rElec   .          Harm     .   (no ring)
rCorr   .          Rampage  .   (no ring)
Will    .....                   (no ring)
Stlth   +++++.....              (no ring)
HPRegen 0.14/turn               (no ring)
MPRegen 0.10/turn               (no ring)
                                (no ring)
                                (no ring)

@: mighty, hasted, very quick
A: almost no armour, amphibious, 8 rings, camouflage 1, gelatinous body 1,
(nimble swimmer 1), tentacles
a: no special abilities


You were on level 5 of the Dungeon.
You visited 1 branch of the dungeon, and saw 6 of its levels.

You collected 107 gold pieces.

Inventory:

Hand Weapons
 a - a +0 hand axe
 h - a +0 short sword of venom (weapon)
Missiles
 q - 5 javelins (quivered)
Jewellery
 i - an amulet of magic regeneration
Wands
 f - a wand of digging (3)
Scrolls
 b - a scroll of fog
 c - a scroll of magic mapping
Potions
 e - a potion of haste
 j - 3 potions of attraction
 m - a potion of mutation {unknown}
 o - a potion of lignification {unknown}
 p - a potion of curing {unknown}
 r - a potion of berserk rage {unknown}


   Skills:
 + Level 4.3 Fighting
 + Level 3.7 Axes
 + Level 3.7 Dodging
 + Level 8.1 Stealth


You had 5 spell levels left.
You didn't know any spells.
Your spell library contained the following spells:

 Spells                   Type           Power      Damage    Failure   Level
 Dispersal                Tloc           0%         N/A       100%        6
 Disjunction              Tloc           0%         N/A       100%        8


Dungeon Overview and Level Annotations

Branches:
Dungeon (6/15)
 Temple: D:4-7

Altars:
Okawaru

Annotations:
D:4 Edmund


Innate Abilities, Weirdness & Mutations

You cannot wear most types of armour.
You are amphibious.
You can wear up to eight rings at the same time.
Your skin changes colour to match your surroundings (Stealth+).
Your rubbery body absorbs attacks. (AC +1, EV +1)
((You are camouflaged when in or above water. (Stealth+)))
You have tentacles for arms and can constrict up to eight enemies at once.


Message History

Okay, then.
As you read the scroll labelled HAYFAE RUHEAPA, it crumbles to dust.
It is a scroll of identify.
j - 3 potions of attraction
As you read the scroll of fear, it crumbles to dust.
You assume a fearsome visage.
The two-headed ogre looks frightened!
The air fills with toxic fumes!
As you read the scroll labelled OKLUCI CEGHITA, it crumbles to dust.
It was a scroll of poison.
As you read the scroll of magic mapping, it crumbles to dust.
You feel aware of your surroundings.
You sensed 8 altars.
Unknown command.
Unknown command.
You start waiting.
A two-headed ogre is nearby!
As you read the scroll of identify, it crumbles to dust.
l - a potion of might You feel yourself speed up.
You feel very mighty all of a sudden.
You puncture the two-headed ogre!
The two-headed ogre is poisoned.
The two-headed ogre is moderately wounded.
You hit the two-headed ogre.
The two-headed ogre looks as sick as possible!
The two-headed ogre is moderately wounded.
The two-headed ogre barely misses you. The two-headed ogre misses you.
You puncture the two-headed ogre!
The two-headed ogre looks as sick as possible!
The two-headed ogre is heavily wounded.
You barely miss the two-headed ogre.
The two-headed ogre is heavily wounded.
The two-headed ogre barely misses you.
The two-headed ogre hits you with a +0 giant spiked club!!
You hit the two-headed ogre.
The two-headed ogre is heavily wounded.
You puncture the two-headed ogre!
The two-headed ogre looks as sick as possible!
The two-headed ogre is severely wounded.
The two-headed ogre hits you with a +0 giant spiked club!!
Ouch! That really hurt!
You die...

######.#####.#
.............#
######.#######
#O# #.#
#.############
#.......O....#
###########O##
#@# ###


You could see a two-headed ogre (extremely poisoned).

Vanquished Creatures
  Menkaure (D:4)
  A scorpion (D:4)
  7 adders
  An ufetubus (D:5)
  A worm (D:2)
  3 dart slugs
  2 orcs
  2 ball pythons (D:1)
  7 endoplasms
  3 giant cockroaches
  8 hobgoblins
  5 jackals (D:1)
  7 quokkas
  7 bats
  5 frilled lizards
  9 goblins
  5 kobolds
  7 rats
81 creatures vanquished.

Notes
Turn   | Place    | Note
-------+----------+-------------------------------------------
     0 | D:5      | croobank the Octopode Delver began the quest for the Orb.
     0 | D:5      | Reached XP level 1. HP: 16/16 MP: 1/1
    15 | D:6      | Noticed a hound
   306 | D:5      | Reached XP level 2. HP: 21/21 MP: 2/2
   325 | D:4      | Noticed a scorpion
   339 | D:4      | Killed a scorpion
   340 | D:4      | Reached skill level 7 in Stealth
   340 | D:4      | Reached XP level 3. HP: 24/26 MP: 3/3
   340 | D:4      | Reached XP level 4. HP: 29/31 MP: 4/4
   862 | D:1      | Reached XP level 5. HP: 30/37 MP: 5/5
  1016 | D:1      | Found a faded altar of an unknown god.
  3208 | D:4      | Noticed Menkaure
  3214 | D:4      | Killed Menkaure
  3215 | D:4      | Reached skill level 8 in Stealth
  3215 | D:4      | Reached XP level 6. HP: 29/44 MP: 6/6
  3245 | D:4      | Noticed Edmund
  3382 | D:5      | Noticed a two-headed ogre
  3445 | D:5      | Mangled by a two-headed ogre

Illustrated notes

Levels and vault maps discovered:
D:1:      noname_arrival_rooms_in_the_neighbourhood, layout_basic,
          ebering_ecumenical_altar_rust, minmay_ruptured
D:2:      layout_basic, nicolae_titane
D:3:      layout_rooms
D:4:      layout_basic, uniq_menkaure, uniq_edmund, uniq_natasha
D:5:      layout_basic, general_overflow_altar, grunt_temple_overflow_open
D:6:      layout_loops_corners, minmay_misc_feat_ornament, fountainhead

Skill      XL: |  1  2  3  4  5 |
---------------+----------------+-----
Stealth        | 7 8 |  8.1
Dodging        | 3 |  3.7
Axes           | 3 |  3.7
Fighting       | 4 |  4.3

Action                   |  1- 3 |  4- 6 || total
-------------------------+-------+-------++-------
Melee: Hand axe          |     3 |       ||     3
       Short sword       |     5 |   137 ||   142
       Constrict         |     2 |    38 ||    40
       Tentacles         |     1 |    30 ||    31
       Punch             |       |     1 ||     1
  Use: Scroll            |       |     7 ||     7
       Potion            |       |     2 ||     2
 Stab: Sleeping          |     2 |    22 ||    24
       Distracted        |       |     2 ||     2
Armor: Skin              |       |     6 ||     6
Dodge: Dodged            |     3 |    84 ||    87
